 Dungeon Crawl Stone Soup version 0.29.1-13-g9f3cf754e1 (webtiles) character file.

Game seed: 17941378398362446775

4 hawla the Chiller (level 1, -3/14 HPs)
             Began as a Meteoran Ice Elementalist on Jan 22, 2023.
             Slain by a hound (4 damage)
             ... on level 4 of the Dungeon.
             The game lasted 00:01:15 (444 turns).

hawla the Chiller (Meteoran Ice Elementalist)        Turns: 444, Time: 00:01:16

Health: -3/14      AC:  2    Str:  9    XL:     1   Next: 85%
Magic:  4/5        EV: 12    Int: 16    God:
Gold:   55         SH:  0    Dex: 14    Spells: 4/5 levels left

rFire   . . .      SeeInvis .   (no weapon)
rCold   . . .      Faith    .   (no shield)
rNeg    . . .      Spirit   .   a - +0 robe
rPois   .          Reflect  .   (no helmet)
rElec   .          Harm     .   (no cloak)
rCorr   .          Rampage  .   (no gloves)
Will    .....                   (no boots)
Stlth   +.........              (no amulet)
HPRegen 0.04/turn               (no ring)
MPRegen 0.09/turn               (no ring)

@: glowing
A: sense surroundings 1, otherworldly, glowing, explore regen
a: no special abilities


You were on level 4 of the Dungeon.
You visited 1 branch of the dungeon, and saw 4 of its levels.

You collected 55 gold pieces.

Inventory:

Armour
 a - a +0 robe (worn)
Jewellery
 d - a +4 ring of protection
Potions
 e - a potion of lignification {unknown}


   Skills:
 + Level 0.2 Fighting
 + Level 2.4 Dodging
 - Level 1.4 Stealth
 + Level 2.8 Spellcasting
 + Level 4.5 Ice Magic


You had 4 spell levels left.
You knew the following spells:

 Your Spells              Type           Power      Damage    Failure   Level
a - Freeze                Ice            64%        1d8       3%          1

Your spell library contained the following spells:

 Spells                   Type           Power      Damage    Failure   Level
 Frozen Ramparts          Ice            32%        1d5       9%          3
 Ozocubu's Armour         Ice            16%        N/A       9%          3
 Hailstorm                Conj/Ice       9%         3d4       58%         4


Dungeon Overview and Level Annotations

Branches:
Dungeon (4/15) Zot: 1955
 Temple: D:4-7

Altars:
Ashenzari

Annotations:
D:3 2 transporters, SirLogeyBear's ghost, amateur HOBe


Innate Abilities, Weirdness & Mutations

You passively map a small area around you.
You are easily found by Zot.
You glow in the dark.
You regain HP and MP as you explore.


Message History

Unknown command.
Casting: Freeze (safe; 3% risk of failure)
Confirm with . or Enter, or press ? or * to list all spells.
Aiming: Freeze (safe; 3% risk of failure)
Press: ? - help, Shift-Dir - straight line, f/p - hound
Aim: a hound (lightly wounded)
You freeze the hound.
The hound is lightly wounded.
The hound completely misses you.
Unknown command.
Casting: Freeze (safe; 3% risk of failure)
Confirm with . or Enter, or press ? or * to list all spells.
Aiming: Freeze (safe; 3% risk of failure)
Press: ? - help, Shift-Dir - straight line, f/p - hound
Aim: a hound (lightly wounded)
You freeze the hound.
The hound is moderately wounded.
The hound misses you.
A kobold comes into view. It is wielding a +0 club.
The hound bites you.
The kobold hits your butterfly with a +0 whip.
Your butterfly dies!
Your butterfly disappears in a burst of colours!
Magic courses through your body. The hound bites you.
* * * LOW HITPOINT WARNING * * *
The kobold hits your butterfly with a +0 whip.
Your butterfly dies!
Your butterfly disappears in a burst of colours!
Casting: Freeze (safe; 3% risk of failure)
Confirm with . or Enter, or press ? or * to list all spells.
Aiming: Freeze (safe; 3% risk of failure)
Press: ? - help, Shift-Dir - straight line, f/p - hound
Aim: a hound (moderately wounded)
You freeze the hound.
The hound is moderately wounded.
Your butterfly disappears in a burst of colours!
The hound bites you.
* * * LOW HITPOINT WARNING * * *
The hound bites you.
You die...

......bb..######## *
....bb...........## .#
* *
........b..<.......,,.
#.........######### . .
##.....##..K...## .##..
#..#####....bb.###.....
#.. #.......bb..... ,
,.. #######b..b### * ,
, #h@..# * **
*#....#.K# * * ,
#...#.......# *
.<#...#####.#* * *
,.,.... ,,..,, * *
....## ##, #..# * ...
,,


You could see a hound and 2 kobolds.

Vanquished Creatures
  A hobgoblin (D:4)
  2 ball pythons (D:3)
  2 frilled lizards (D:3)
5 creatures vanquished.

Notes
Turn   | Place    | Note
-------+----------+-------------------------------------------
     0 | D:1      | hawla the Meteoran Ice Elementalist began the quest for the
                  | Orb.
     0 | D:1      | Reached XP level 1. HP: 14/14 MP: 5/5
   290 | D:3      | Found a broken altar of Ashenzari.
   375 | D:3      | Noticed a centaur
   380 | D:3      | Noticed SirLogeyBear's ghost (amateur HOBe)
   385 | D:3      | Found a transporter.
   388 | D:3      | Found a transporter.
   436 | D:4      | Noticed a hound
   444 | D:4      | Slain by a hound

Illustrated notes

Levels and vault maps discovered:
D:1:      minmay_arrival_hallway, layout_rooms, minmay_split_cup_large
D:2:      layout_basic, basic_altar, chequers_serial_rivers_micro_d
D:3:      layout_basic, mainiacjoe_overflow_tiny_flanked,
          hellmonk_ecumenical_altar_watching_god, gammafunk_ghost_arena
D:4:      layout_rooms, kennysheep_little_box

Action                   || total
-------------------------++-------
Melee: Unarmed           ||     5
 Cast: Freeze            ||    11
  Use: Scroll            ||     1
       Potion            ||     1
Armor: Robe              ||     2
Dodge: Dodged            ||     8
